 Dungeon Crawl Stone Soup version 0.19.1-1-g22dce08 (webtiles) character file.

336 M4edhros the Chopper (level 6, 0/84 HPs)
             Began as a Minotaur Berserker on Dec 31, 2016.
             Was a Priest of Trog.
             Slain by a worker ant (3 damage)
             ... on level 4 of the Dungeon.
             The game lasted 00:02:11 (2593 turns).

M4edhros the Chopper (Minotaur Berserker)           Turns: 2593, Time: 00:02:12

Health: 0/84       AC:  3    Str: 27    XL:     6   Next: 28%
Magic:  5/5        EV: 13    Int:  4    God:    Trog [***...]
Gold:   76         SH:  0    Dex: 11    Spells: 0 memorised, 5 levels left

rFire  . . .     SeeInvis .     k - +0 war axe
rCold  . . .     Gourm    .     b - +0 animal skin
rNeg   . . .     Faith    .     (no shield)
rPois  +         Spirit   .     (helmet restricted)
rElec  .         Reflect  .     (no cloak)
rCorr  .         Harm     .     e - +0 pair of gloves
MR     .....                    (no boots)
Stlth  ..........               (no amulet)
                                (no ring)
                                u - ring of poison resistance

@: berserking, very quick
A: retaliatory headbutt, horns 2
a: Berserk, Trog's Hand, Burn Spellbooks, Renounce Religion


You were on level 4 of the Dungeon.
You worshipped Trog.
Trog was most pleased with you.
You were very hungry.

You visited 1 branch of the dungeon, and saw 4 of its levels.

You collected 76 gold pieces.

Inventory:

Hand Weapons
 a - a +0 hand axe
 k - a +0 war axe (weapon)
 p - a +3 hunting sling
Missiles
 r - 77 stones (quivered)
Armour
 b - a +0 animal skin (worn)
 e - a +0 pair of gloves (worn)
Jewellery
 u - a ring of poison resistance (left hand)
Wands
 n - a wand of paralysis (9/24)
Scrolls
 d - a scroll of teleportation {unknown}
 g - 3 scrolls of identify {unknown}
 i - 3 scrolls of remove curse {unknown}
 o - a scroll of random uselessness {unknown}
 t - 3 scrolls of amnesia {unknown}
 x - 2 scrolls of enchant armour {unknown}
 y - a scroll of noise {unknown}
Potions
 f - a potion of magic {unknown}
 h - a potion of experience {unknown}
 j - 3 potions of agility {unknown}
 l - 3 potions of brilliance {unknown}
 m - a potion of curing {unknown}
 q - 4 potions of heal wounds {unknown}
 w - a potion of might
Books
 s - a book of Misfortune

   Spells                             Type                      Level
   a - Confusing Touch                Hexes                        1
   b - Confuse                        Hexes                        3
   c - Gell's Gravitas                Hexes/Translocation          3
   d - Petrify                        Transmutation/Earth          4
   e - Metabolic Englaciation         Hexes/Ice                    5
   f - Yara's Violent Unravelling     Hexes/Transmutation          5
   Trog disapproves of the use of such an item.
Comestibles
 c - 3 bread rations
 v - 2 fruits


   Skills:
 + Level 5.2 Fighting
 * Level 6.0 Axes
 + Level 3.9 Armour
 + Level 3.8 Dodging


You had 5 spell levels left.
You didn't know any spells.

Dungeon Overview and Level Annotations

Branches:
Dungeon (3/15)

Altars:
Fedhas
Ru
Sif Muna
Uskayaw

Annotations:
D:4 1 runed door


Innate Abilities, Weirdness & Mutations

You reflexively headbutt those who attack you in melee.
You have a pair of horns on your head.


Message History

That beef jerky was delicious!
You are too injured to fight recklessly!
Unknown command.
A red film seems to cover your vision as you go berserk!
You feel yourself moving faster!
You feel mighty!
You are feeling very hungry.
The worker ant bites you.
* * * LOW HITPOINT WARNING * * *
The orc priest hits you with a whip.
* * * LOW HITPOINT WARNING * * *
You are too injured to fight recklessly!
Unknown command.
You are too injured to fight recklessly!
Unknown command.
You slice the orc priest!!
You kill the orc priest!
Trog accepts your kill.
Your Axes skill increases to level 6!
You barely miss the worker ant. The worker ant bites you.
You die...

#...##.#####
####.# #+#
#.......>..#
#.)..#
#....#####.#
#.#### ####.
####.###.##.#
#
##...........#
#...#.###.####
#.#.#...#
#.######
#.......#
#......#
######@##
########
#a)Z.....
.o.####..
.#.#. .##.##.
.# ..# .. ..
... .. #. ##.
###


You could see a worker ant, an orc and a jackal skeleton.

Vanquished Creatures
  An orc priest (D:4)
  3 orc wizards
  Jessica (D:2)
  Robin (D:3)
  11 adders
  An ooze (D:1)
  A worm (D:3)
  A dart slug (D:1)
  2 leopard geckos
  10 orcs
  17 goblins
  6 hobgoblins
  6 kobolds
  A quokka (D:2)
  2 ball pythons (D:3)
  6 bats
  6 frilled lizards
  5 rats
81 creatures vanquished.

Notes
Turn   | Place    | Note
-------+----------+-------------------------------------------
     0 | D:1      | M4edhros the Minotaur Berserker began the quest for the Orb.
     0 | D:1      | Reached XP level 1. HP: 19/19 MP: 0/0
   201 | D:1      | Reached XP level 2. HP: 20/27 MP: 1/1
   333 | D:1      | Reached skill level 4 in Axes
   718 | D:2      | Reached XP level 3. HP: 33/33 MP: 2/2
   844 | D:2      | Noticed Jessica
   849 | D:2      | Killed Jessica
  1041 | D:2      | Found a blossoming altar of Fedhas.
  1045 | D:2      | Reached XP level 4. HP: 36/40 MP: 3/3
  1381 | D:2      | Found a deep blue altar of Sif Muna.
  1424 | D:3      | Noticed Robin
  1429 | D:3      | Reached ** piety under Trog
  1433 | D:3      | Killed Robin
  1435 | D:3      | Reached skill level 5 in Axes
  1557 | D:3      | Reached XP level 5. HP: 21/47 MP: 4/4
  1692 | D:3      | HP: 2/70 [orc wizard/magic dart (8)]
  2068 | D:3      | Reached skill level 5 in Fighting
  2163 | D:3      | Found a sacrificial altar of Ru.
  2163 | D:3      | Found a hide-covered altar of Uskayaw.
  2183 | D:3      | Reached XP level 6. HP: 51/56 MP: 5/5
  2478 | D:3      | You fall through a shaft!
  2527 | D:4      | Found a runed door.
  2584 | D:4      | Reached *** piety under Trog
  2592 | D:4      | HP: 3/84 [orc priest/whip (6)]
  2593 | D:4      | Reached skill level 6 in Axes
  2593 | D:4      | Slain by a worker ant

Skill      XL: |  1  2  3  4  5  6 |
---------------+-------------------+-----
Axes           | 4 5 6 |  6.0
Fighting       | 4 5 |  5.2
Armour         | 3 |  3.9
Dodging        | 3 |  3.8

Action                   |  1- 3 |  4- 6 || total
-------------------------+-------+-------++-------
Melee: Hand axe          |    37 |       ||    37
       Headbutt          |    11 |    13 ||    24
       War axe           |    14 |    88 ||   102
Invok: Berserk           |       |     4 ||     4
       Trog's Hand       |       |     1 ||     1
  Eat: Chunk             |       |     5 ||     5
       Beef jerky        |       |     2 ||     2
Armor: Animal skin       |    10 |    25 ||    35
Dodge: Dodged            |    33 |    89 ||   122
